 Dungeon Crawl Stone Soup version 0.31.0-9-g3a7656b989 (console) character file.

Game seed: 796696082679347495

54 AlterAsc the Ruffian (level 3, -1/23 HPs)
             Began as an Octopode Shapeshifter on Jan 25, 2024.
             Was an Initiate of Okawaru.
             Slain by Sigmund
             ... wielding a +0 scythe
              (8 damage)
             ... on level 2 of the Dungeon.
             The game lasted 00:04:29 (1187 turns).

AlterAsc the Ruffian (Octopode Shapeshifter)        Turns: 1187, Time: 00:04:30

Health: -1/23      AC:  1    Str: 21    XL:     3   Next: 91%
Magic:  3/3        EV: 13    Int: 12    God:    Okawaru [......]
Gold:   74         SH:  0    Dex: 11    Spells: 2/2 levels left

rFire   . .          .
                       - Unarmed
rCold   . . .        (no shield)
rNeg    . . .        (helmet currently unavailable)
rPois   .            (no amulet)
rElec   .            l - +6 ring of strength
rCorr   .            (no ring)
SInv    .            (no ring)
Will    .....        (no ring)
Stlth   ++           (no ring)
HPRegen 0.23/turn    (no ring)
MPRegen 0.08/turn    (no ring)
                     (no ring)

%: no passive effects
@: beast-form
A: beast (slay +1), almost no armour, amphibious, 8 rings, camouflage 1,
gelatinous body 1, (nimble swimmer 1), tentacles
a: Begin Untransformation, Renounce Religion


You were on level 2 of the Dungeon.
You worshipped Okawaru.
Okawaru was noncommittal.
You were a hulking beast.
You visited 1 branch of the dungeon, and saw 2 of its levels.

You collected 74 gold pieces.

Inventory:

Hand Weapons
 i - a +2 dagger of venom
Missiles
 d - 19 stones
 g - 9 boomerangs (quivered)
Jewellery
 l - a +6 ring of strength (left tentacle)
Talismans
 b - a beast talisman
 c - a flux talisman
Scrolls
 e - a scroll of teleportation {unknown}
 k - a scroll of fear {unknown}
Potions
 a - 2 potions of lignification
 f - a potion of curing {unknown}
 h - 2 potions of degeneration {unknown}
 j - a potion of ambrosia {unknown}


   Skills:
 - Level 1.0 Fighting
 - Level 2.0 Dodging
 + Level 4.7 Unarmed Combat
 - Level 3.0 Shapeshifting


You had 2 spell levels left.
You didn't know any spells.
Your spell library contained the following spells:

 Spells                   Type           Power      Damage    Failure   Level
 Shock                    Conj/Air       0%         1d3       32%         1
 Cigotuvi's Dreadful Rot  Necr/Alch/Air  0%         N/A       45%         2
 Stone Arrow              Conj/Erth      0%         3d7       69%         3
 Swiftness                Air            0%         N/A       69%         3
 Airstrike                Air            0%         2d(0-16)  97%         4
 Brom's Barrelling Bould  Conj/Erth      0%         2d3       97%         4
 Cause Fear               Hex            0%         N/A       97%         4
 Ignite Poison            Fire/Alch      0%         N/A       97%         4
 Freezing Cloud           Conj/Ice/Air   0%         6-21      100%        5
 Enfeeble                 Hex            0%         N/A       100%        7


Dungeon Overview and Level Annotations

Branches:
Dungeon (2/15)

Altars:
Okawaru

Shops:
D:2 [

Annotations:
D:2 Sigmund


Innate Abilities, Weirdness & Mutations

You are a hulking beast.
Your limbs bulge with bestial killing power. (Slay +1)
You cannot wear most types of armour.
You are amphibious.
You can wear up to eight rings at the same time.
Your skin changes colour to match your surroundings (Stealth+).
Your rubbery body absorbs attacks. (AC +1, EV +1)
((You are camouflaged when in or above water. (Stealth+)))
You have tentacles for arms and can constrict up to eight enemies at once.


Message History

Found a potion of lignification.
You pick up a Trismegistus Codex and begin reading...
You add the spells Cigotuvi's Dreadful Rot, Ignite Poison and Freezing Cloud to your library.
a - 2 potions of lignification (gained 1)
Found Lot Akal's Armour Emporium.
There is an entrance to Lot Akal's Armour Emporium here.
You now have 62 gold pieces (gained 18).
d - 19 stones (gained 5)
You see here a +0 short sword.
You now have 74 gold pieces (gained 12).
Things that are here:
a +0 club; a kobold skeleton A quokka comes into view.
A goblin comes into view. It is wielding a +0 club.
The goblin shouts!
You completely miss the goblin. You grab the goblin. You squeeze the goblin.
You kill the goblin!
Okawaru accepts your kill. The quokka bites you.
You tentacle-slap the quokka.
You kill the quokka!
Okawaru accepts your kill.
HP restored.
You see here a quokka corpse.
Things that are here:
a +0 club; a goblin corpse You see here a +0 falchion.
Sigmund gestures at you while chanting.
You are confused.
Sigmund misses you.
Sigmund hits you from afar with a +0 scythe.
You're too confused to move!
Sigmund gestures at you while chanting. The magic dart hits you!
You feel less confused.
Sigmund points at you and mumbles some strange words.
The puff of flame hits you. Sigmund hits you with a +0 scythe!
You die...
Sigmund begins carving another notch in his scythe.

##.####........#
####.........#..
##>.##..#......#
#[...........#..
.†.....#######.#
#......##.....>.
.##..### #..#
#.._..#######... ####.##
##.## #.....# ##..
...#.†# #..# #.....# #..
##.##.## #.## ###..##
#.. #.....# ###)# #.##
##.
###...###.>.#######.# #.
###...............# #.
#####......h@...# #. #
##.#.........# #.
#########............#
#.
......|...............#
..
..##########............
.. ### #.............
#.........####
#.........# ###########


You could see Sigmund.

Vanquished Creatures
  An adder (D:2)
  A dart slug (D:1)
  2 ball pythons (D:1)
  4 bats
  4 endoplasms
  A giant cockroach (D:1)
  6 goblins
  5 hobgoblins
  3 jackals (D:1)
  2 kobolds (D:2)
  4 quokkas
  A frilled lizard (D:1)
  3 rats (D:1)
  A spectral hobgoblin (D:1)
38 creatures vanquished.

Notes
Turn   | Place    | Note
-------+----------+-------------------------------------------
     0 | D:1      | AlterAsc the Octopode Shapeshifter began the quest for the
                  | Orb.
     0 | D:1      | Reached XP level 1. HP: 13/13 MP: 1/1
    78 | D:1      | Reached XP level 2. HP: 12/18 MP: 2/2
   194 | D:1      | Got the Omnibus of Rocky Anathema
   458 | D:1      | Reached skill level 4 in Unarmed Combat
   470 | D:1      | Found a faded altar of an unknown god.
   504 | D:1      | Reached XP level 3. HP: 23/23 MP: 3/3
   700 | D:2      | Noticed Sigmund
   891 | D:2      | Found an iron altar of Okawaru.
   900 | D:2      | Became a worshipper of Warmaster Okawaru
  1069 | D:2      | Found Lot Akal's Armour Emporium.
  1187 | D:2      | Slain by Sigmund

Illustrated notes

Levels and vault maps discovered:
D:1:      mainiacjoe_arrival_oval_in_oval, layout_loops_cross,
          dreamdust_ecumenical_altar_drowned_temple, grunt_decor_resistance,
          serial_bayou_crossing
D:2:      layout_rooms, serial_shops, nicolae_diamond_shop, basic_altar,
          uniq_sigmund

Skill      XL: |  1  2 |
---------------+-------+-----
Unarmed Combat | 4 |  4.7
Fighting       | |  1.0
Dodging        | |  2.0
Shapeshifting  | |  3.0

Action                     || total
---------------------------++-------
  Melee: Unarmed           ||    85
         Constrict         ||    23
         Tentacles         ||    14
   Stab: Sleeping          ||     3
 Armour: Skin              ||    43
  Dodge: Dodged            ||    67
